Unix NetHack Version 3.7.0-61 Work-in-progress - last build Jul 13 2022 02:46:35 (a2784b36fdb75348ae82ee0ae4748e939bfcd5ab,branch:master). Game began 2022-07-14 08:29:38, ended 2022-07-14 13:13:56. elenmirie, chaotic female orcish Rogue ---- ---- --- ---- ---- |..-- -------------..-----.-------..-- --..| --...| |.......|-.....................|---------...-- ---- |....| ------...--..|....#.....--------....|.[.?.+.[[....| --..| |...----........|-....{........|..|...|..))-.[.$_.||......## |...-- --.....<.----...|..#.....----..|..|.$[-(.[.|......||*....-- |....| |.--------.....|........| |..|..|----....---------......| ---.-- |.| --.....----...--|-| |..-|-|......................-- ---.| |.| |......| |...|.$.|-+-.....---|--.----------.|.-.-| |...| ---- |.| --.---.| +...|(!(|...^............|...|...|......| ---- |...| |..-- |.| ---.- |.----...|(/(||------..{...|..|...-...|......---..| --...| |...-- |.--...- |........|---| .|((.|........+-...|...|....?......----....-- ---..---......| |........|...|..|((.-.............-----....................| --...j.[..l-- |.-----..|...|--|((.|..--|--.|-.........--................-- --F......-- |.|...|..|...|..-----..|...|..|-|---|--..|--..--..........| |-....@.| |.|...-..--|--.........|..]|..|...|...|..---.--|.--.......| |......-- |.|...|................|?..|..|...|.(.|...|>.| -------...-- --...).| |.|---|................|----.----------.|....| --.-- ----.)| --- ----------------.. -|.---- --- ---- --- Elenmirie the Rogue St:14 Dx:18 Co:15 In:9 Wi:13 Ch:12 Chaotic Dlvl:6 $:0 HP:0(56) Pw:22(22) AC:10 Xp:8/1382 T:7925 Latest messages: The 3rd dagger hits the wood nymph! You kill the wood nymph! f - 5 uncursed daggers (at the ready) (7 in total). q - a potion called objdet (3 in total). What do you want to drink? [q or ?*] q You detect the presence of objects. (For instructions type a '?') Done. You swap places with the peaceful homunculus. You kill the newt! You see here a newt corpse. There is a newt corpse here; eat it? [ynq] (n) y This newt corpse tastes gamey. You finish eating the newt corpse. You swap places with the peaceful hobgoblin. The elf zombie hits! You hit the elf zombie. You hit the elf zombie! You hit the elf zombie! You destroy the elf zombie! You hit the elf zombie! You hit the elf zombie. The elf zombie turns to flee. You strike the elf zombie from behind! You destroy the elf zombie! The leprechaun zaps a pine wand! The bolt of cold hits you! One of your potions of object detection freezes and shatters! The leprechaun zaps a wand of cold! The bolt of cold hits you! In what direction? j You throw 4 daggers. The 1st dagger hits the leprechaun! The 2nd dagger hits the leprechaun! The 3rd dagger hits the leprechaun. The 4th dagger hits the leprechaun. In what direction? In what direction? j The dagger hits the leprechaun. You hear someone cursing shoplifters. You miss wildly and stumble forwards. The leprechaun zaps a wand of cold! The bolt of cold hits you! Your potion of object detection freezes and shatters! You die... Do you want your possessions identified? [ynq] (y) y Do you want to see your attributes? [ynq] (y) y Do you want an account of creatures vanquished? [ynaq] (y) y Do you want to see your conduct and achievements? [ynq] (y) y Do you want to see the dungeon overview? [ynq] (y) y Major events: Turn 1: elenmirie the chaotic female orcish Rogue entered the dungeon 891: attained the rank of Cutpurse (level 3) 1804: entered the Gnomish Mines 3130: attained the rank of Rogue (level 6) 3331: reached Mine Town 7925: killed by a bolt of cold Inventory: Weapons a - a blessed +0 dagger (weapon in hand) f - 2 uncursed +0 daggers (at the ready) Armor A - an uncursed +0 pair of speed boots m - an uncursed +0 mummy wrapping g - an uncursed +0 dwarvish mithril-coat Comestibles r - 7 uncursed eucalyptus leaves Rings K - an uncursed ring of cold resistance Wands u - an uncursed wand of digging (0:7) d - an uncursed wand of lightning (0:6) J - an uncursed wand of speed monster (0:3) Tools n - a blessed brass lantern l - an uncursed expensive camera (0:92) e - an uncursed lock pick o - an uncursed tallow candle Gems/Stones k - an uncursed luckstone Elenmirie the Rogue's attributes: Background: You were a Rogue, level 8 female orc. You were chaotic, on a mission for Kos who was opposed by Issek (lawful) and Mog (neutral). You were in the Gnomish Mines, on level 6. You entered the dungeon 7925 turns ago. There was a full moon in effect when your adventure ended. You had 1382 experience points, 1178 more were needed to attain level 9. Basics: You had 0 out of 56 hit points. You had all 22 energy points (spell power). Your armor class was 10. Your wallet was empty. Autopickup was on for '$' plus thrown. Final Characteristics: Your strength was 14 (limit:18/50). Your dexterity was 18 (limit:18). Your constitution was 15 (limit:18). Your intelligence was 9 (limit:16). Your wisdom was 13 (limit:16). Your charisma was 12 (limit:16). Final Status: You were not hungry. You were unencumbered. You were wielding a dagger. You had expert skill with dagger. You were not wearing any armor. Final Attributes: You were piously aligned. You were poison resistant. You had infravision. You were stealthy. You were fast. You were very lucky. You had extra luck. Bad luck did not time out for you. Good luck did not time out for you. Kos was angry with you. You are dead. Miscellaneous: You never encountered a bones level. Total elapsed playing time was 2 hours, 43 minutes and 42 seconds. Vanquished creatures: a ghost a small mimic a watchman a gold golem a lizard a jaguar 2 dwarf leaders a gnome mummy 3 human zombies a rope golem 4 soldier ants a wood nymph a water nymph 3 mountain nymphs 2 Uruk-hai 2 rock piercers a yellow light 2 shriekers 2 violet fungi 7 gnome leaders a kobold mummy a golden naga hatchling a gray ooze 2 elf zombies a ghoul 4 floating eyes a kitten 10 dwarves a homunculus a kobold leader 6 rothes a giant bat 2 monkeys a dwarf zombie a wererat an iguana 2 acid blobs 2 gas spores 2 hobbits 3 manes 2 hobgoblins a cave spider a yellow mold a green mold a red mold 21 gnomes a gnome zombie 5 geckos 4 jackals a fox 3 kobolds a goblin 3 sewer rats 6 grid bugs 5 lichens a kobold zombie 2 newts 141 creatures vanquished. No species were genocided or became extinct. Voluntary challenges: You read items or engraved 1 time. You never engraved Elbereth. You never genocided any monsters. You never polymorphed an object. You never changed form. You used no wishes. Achievements: You attained the rank of Cutpurse. You entered a shop. You entered the Gnomish Mines. You attained the rank of Rogue. You entered Minetown. You entered a temple. The Dungeons of Doom: levels 1 to 6 Level 1: A fountain. Level 2: A potion shop, a sink. Level 3: An armor shop. Stairs down to The Gnomish Mines. Level 4: A fountain, a grave. Level 5: Many fountains. Oracle of Delphi. Level 6: The Gnomish Mines: levels 4 to 7 Level 4: Level 5: Level 6: <- You were here. Many shops, a temple to Kos, some fountains, some trees. Final resting place for you, killed by a bolt of cold. Level 7: Game over: ---------- / \ / REST \ / IN \ / PEACE \ / \ | elenmirie | | 0 Au | | killed by a bolt | | of cold | | | | | | 2022 | *| * * * | * _________)/\\_//(\/(/\)/\//\/|_)_______ Goodbye elenmirie the Rogue... You died in The Gnomish Mines on dungeon level 6 with 5858 points, and 0 pieces of gold, after 7925 moves. You were level 8 with a maximum of 56 hit points when you died.